 Dungeon Crawl Stone Soup version 0.17-a0-1923-gc35365e (webtiles) character file.

51 graki42 the Conjurer (level 3, -1/19 HPs)
             Began as a Deep Elf Conjurer on Sept 28, 2015.
             Slain by a scorpion (10 damage)
             ... on level 3 of the Dungeon.
             The game lasted 00:06:44 (1405 turns).

graki42 the Conjurer (Deep Elf Conjurer)            Turns: 1405, Time: 00:06:44

Health: -1/19      AC:  2    Str: 11    XL:     3   Next: 57%
Magic:  0/10       EV: 13    Int: 19    God:
Gold:   111        SH:  0    Dex: 15    Spells: 2 memorised, 6 levels left

rFire  . . .     SeeInvis .     (no weapon)
rCold  . . .     Clarity  .     a - +0 robe
rNeg   . . .     SustAt   .     (no shield)
rPois  .         Gourm    .     (no helmet)
rElec  .         Spirit   .     (no cloak)
rCorr  .         Warding  .     (no gloves)
rMut   .         Stasis   .     (no boots)
MR     .....                    (no amulet)
Stlth  ++........               (no ring)
                                o - ring of wizardry

@: mighty, flying, very slightly contaminated, not resistant to hostile
enchantments, unstealthy
A: no striking features
a: no special abilities


You were on level 3 of the Dungeon.
You were not hungry.

You visited 1 branch of the dungeon, and saw 3 of its levels.

You collected 111 gold pieces.

Inventory:

Armour
 a - a +0 robe (worn)
Jewellery
 o - a ring of wizardry (left hand)
 q - a cursed amulet of inaccuracy {unknown}
 s - an uncursed ring of protection from fire {unknown}
 v - an uncursed ring of positive energy {unknown}
 x - a +3 ring of strength {unknown}
Scrolls
 e - a scroll of immolation {unknown}
 f - a scroll of enchant weapon {unknown}
 g - a scroll of enchant armour {unknown}
 h - 2 scrolls of remove curse {unknown}
 i - 3 scrolls of identify {unknown}
 l - 4 scrolls of magic mapping {unknown}
Potions
 j - a potion of brilliance {unknown}
 m - a potion of might
 u - a potion of lignification {unknown}
Books
 b - a book of Conjurations

   Spells                             Type                      Level
   a - Magic Dart                     Conjuration                  1
   b - Searing Ray                    Conjuration                  2
   c - Dazzling Spray                 Conjuration/Hexes            3
   d - Fulminant Prism                Conjuration/Hexes            4
   e - Iskenderun's Mystic Blast      Conjuration                  4
   f - Iskenderun's Battlesphere      Conjuration/Charms           5
Comestibles
 c - 3 bread rations
 d - a slice of pizza
 k - 2 meat rations
 r - 3 fruits
 t - 2 beef jerkies
 w - a chunk of flesh


   Skills:
 + Level 2.5 Dodging
 + Level 2.6 Stealth
 + Level 3.8 Spellcasting
 + Level 5.4 Conjurations


You had 6 spell levels left.
You knew the following spells:

 Your Spells              Type           Power        Failure   Level  Hunger
a - Magic Dart            Conj           ###.         1%          1    None
b - Searing Ray           Conj           ###...       1%          2    ##.....


Dungeon Overview and Level Annotations

Branches:
Dungeon (3/15)

Altars:
Elyvilon
Fedhas
Okawaru


Message History

Found a bubbling red potion.
Found a stone staircase leading down.
There is a stone staircase leading down here.
You see here a bubbling red potion.
Casting: Magic Dart
Confirm with . or Enter, or press ? or * to list all spells.
Aiming: Magic Dart
Press: ? - help, Shift-Dir - straight line, f/p - scorpion
Aim: a scorpion (severely wounded)
The magic dart hits the scorpion.
The scorpion is severely wounded.
Casting: Magic Dart
Confirm with . or Enter, or press ? or * to list all spells.
Aiming: Magic Dart
Press: ? - help, Shift-Dir - straight line, f/p - scorpion
Aim: a scorpion (severely wounded)
The magic dart hits the scorpion.
The scorpion is almost dead.
The scorpion stings you!
Ouch! That really hurt!
You die...

###+## #..@.#
#..s.# #....#
#....# # #.## ##
#....# #. #... ..
#..!.####.##..# ##.
######.>...........
...
.........###.##...#
##. ######...#
....# #.


You could see a scorpion.

Vanquished Creatures
  2 adders (D:2)
  A worm (D:2)
  A giant gecko (D:1)
  4 bats
  2 giant cockroaches (D:2)
  3 hobgoblins
  5 jackals
  A giant newt (D:1)
  2 goblins
  3 kobolds
  3 rats
27 creatures vanquished.

Vanquished Creatures (others)
  5 toadstools (D:1)
5 creatures vanquished.

Grand Total: 32 creatures vanquished

Notes
Turn   | Place    | Note
--------------------------------------------------------------
     0 | D:1      | graki42 the Deep Elf Conjurer began the quest for the Orb.
     0 | D:1      | Reached XP level 1. HP: 10/10 MP: 6/6
   494 | D:1      | Reached XP level 2. HP: 15/15 MP: 6/8
   498 | D:1      | Learned a level 2 spell: Searing Ray
   728 | D:2      | Found an iron altar of Okawaru.
   732 | D:2      | Reached skill level 5 in Conjurations
   906 | D:2      | Found a blossoming altar of Fedhas.
   969 | D:2      | Reached XP level 3. HP: 19/19 MP: 2/10
  1040 | D:2      | Found a white marble altar of Elyvilon.
  1375 | D:3      | Noticed a scorpion
  1405 | D:3      | Slain by a scorpion

Vault maps used:
D:1:      ldierk_walled_garden
D:2:      fedhas_altar_2, okawaru_ov_weapons_minmay, elyvilon_altar_3,
          first_bread
D:3:      nicolae_overflow_crystal_walls, uniq_terence

Action                   || total
-------------------------++-------
 Cast: Magic Dart        ||    43
       Searing Ray       ||     3
  Use: Potion            ||     3
  Eat: Chunk             ||     1
